 Dungeon Crawl Stone Soup version 0.29.1-2-gbd0b4ee654 (webtiles) character file.

Game seed: 788555084212302734

289 Firos the Poker (level 6, -2/84 HPs)
             Began as a Hill Orc Monk on Nov 7, 2022.
             Slain by a tengu
             ... wielding a +3 dagger of venom
              (3 damage)
             ... on level 5 of the Dungeon.
             The game lasted 00:10:08 (4375 turns).

Firos the Poker (Hill Orc Monk)                     Turns: 4375, Time: 00:10:08

Health: -2/84      AC: 23    Str: 16    XL:     6   Next: 31%
Magic:  6/6        EV:  2    Int: 10    God:
Gold:   214        SH:  0    Dex: 13    Spells: 5/5 levels left

rFire   . . .      SeeInvis .   a - +0 spear
rCold   . . .      Faith    .   (no shield)
rNeg    . . .      Spirit   .   (body armour currently unavailable)
rPois   +          Reflect  .   (helmet currently unavailable)
rElec   .          Harm     .   (cloak currently unavailable)
rCorr   .          Rampage  .   (gloves currently unavailable)
Will    .....      NoTele   +   (boots currently unavailable)
Stlth   ++........              (no amulet)
HPRegen 0.24/turn               (no ring)
MPRegen 0.10/turn               (no ring)

@: lethally poisoned (-2 -> -5), tree-form, weak-willed
A: stationary, stasis, torment immunity, boosted hp
a: no special abilities


You were on level 5 of the Dungeon.
You were a tree.
You visited 1 branch of the dungeon, and saw 5 of its levels.

You collected 214 gold pieces.

Inventory:

Hand Weapons
 a - a +0 spear (weapon)
Armour
 k - a +3 leather armour (melded)
 l - a +0 pair of gloves (melded)
 m - the +1 cloak of the Beginning (melded) {rF+}
   (You found it on level 2 of the Dungeon)

   rF:        It protects you from fire.
Jewellery
 g - a ring of ice
Wands
 p - a wand of polymorph (1)
 q - a wand of flame (6)
Potions
 b - a potion of attraction
 c - 2 potions of mutation
 i - a potion of brilliance {unknown}
 o - a potion of haste {unknown}
 r - a potion of degeneration {unknown}


   Skills:
 + Level 5.1 Fighting
 * Level 5.6 Polearms
 + Level 2.7 Armour
 - Level 2.6 Dodging
 - Level 1.9 Stealth


You had 5 spell levels left.
You didn't know any spells.
Your spell library contained the following spells:

 Spells                   Type           Power      Damage    Failure   Level
 Magic Dart               Conj           0%         1d3       36%         1
 Shock                    Conj/Air       0%         1d3       36%         1
 Call Imp                 Summ           0%         N/A       50%         2
 Static Discharge         Conj/Air       0%         3-3/arc   50%         2
 Sublimation of Blood     Necr           0%         N/A       50%         2
 Wereblood                Tmut           0%         N/A       50%         2
 Mephitic Cloud           Conj/Pois/Air  0%         N/A       75%         3
 Swiftness                Air            0%         N/A       75%         3
 Airstrike                Air            0%         2d(0-16)  98%         4
 Lightning Bolt           Conj/Air       0%         1d11      100%        5
 Summon Hydra             Summ           0%         N/A       100%        7
 Maxwell's Capacitive Co  Air            0%         ∞         100%        8


Dungeon Overview and Level Annotations

Branches:
Dungeon (5/15)
 Temple: D:4-7

Altars:

Shops:
D:1 *


Message History

The tengu hits you with a +3 dagger of venom.
* * * LOW HITPOINT WARNING * * *
The tengu pecks you but does no damage. The tengu claws you but does no damage.
You hit the tengu but do no damage.
The tengu is almost dead.
You feel sick.
The tengu hits you with a +3 dagger of venom.
* * * LOW HITPOINT WARNING * * *
The tengu pecks you but does no damage. The tengu claws you but does no damage.
You barely miss the tengu.
The tengu is almost dead.
The tengu hits you with a +3 dagger of venom.
* * * LOW HITPOINT WARNING * * *
The tengu pecks you but does no damage. The tengu barely misses you.
You closely miss the tengu.
The tengu is almost dead.
You feel sick.
You closely miss the tengu.
The tengu is almost dead.
You feel sick. The tengu hits you but does no damage.
The tengu pecks you but does no damage. The tengu claws you but does no damage.
You hit the tengu.
The tengu is almost dead.
You feel sick. The tengu hits you but does no damage.
The tengu completely misses you. The tengu claws you but does no damage.
As you read the scroll labelled RIERIGARIXT, it crumbles to dust.
It is a scroll of amnesia.
You feel forgetful for a moment.
You feel sick.
You are no longer poisoned.
The tengu hits you but does no damage. The tengu pecks you but does no damage.
The tengu claws you but does no damage.
As you read the scroll labelled AFULAG SOSHRODGH, it crumbles to dust.
Magic quickly surges around you.
It was a scroll of vulnerability.
The tengu hits you but does no damage.
You are lethally poisoned!
The tengu pecks you but does no damage. The tengu claws you but does no damage.
It was a potion of flight.
Your roots keep you in place.
* * * LOW HITPOINT WARNING * * *
You feel sick. The tengu barely misses you. The tengu pecks you.
You die...

### ..# #.# #.#
.#
#######.#####.###
..$.^...Q♣.......
....##.#####.###
. #.#<..#.#
#.###.#.#
#.###.#.#
#o#.....#
#.......#
###.##..#
.......#


You could see a tengu (weak-willed).

Vanquished Creatures
  A bullfrog (D:4)
  A hound (D:4)
  Natasha (thrice) (D:2)
  4 adders
  A river rat (D:3)
  3 worms (D:2)
  2 dart slugs
  5 orcs
  6 ball pythons
  4 endoplasms
  3 giant cockroaches
  4 goblins
  5 hobgoblins
  9 kobolds
  4 quokkas
  2 bats (D:1)
  4 frilled lizards
  6 rats
67 creatures vanquished.

Notes
Turn   | Place    | Note
-------+----------+-------------------------------------------
     0 | D:1      | Firos the Hill Orc Monk began the quest for the Orb.
     0 | D:1      | Reached XP level 1. HP: 19/19 MP: 1/1
   159 | D:1      | Reached XP level 2. HP: 26/27 MP: 2/2
   575 | D:1      | Found Boeruz's General Store.
   699 | D:2      | Reached XP level 3. HP: 33/33 MP: 3/3
   767 | D:2      | Noticed Natasha
   787 | D:2      | Killed Natasha
   788 | D:2      | Reached skill level 1 in Armour
   796 | D:2      | Noticed Natasha
   842 | D:2      | Killed Natasha
   843 | D:2      | Reached XP level 4. HP: 22/41 MP: 4/4
   858 | D:2      | Noticed Natasha
  1423 | D:2      | Identified the +1 cloak of the Beginning {rF+}
  1749 | D:2      | Killed Natasha
  1750 | D:2      | Reached XP level 5. HP: 47/47 MP: 5/5
  2002 | D:3      | Noticed Terence
  2027 | D:3      | Noticed Terence
  2027 | D:3      | Terence changed into Terence the river rat
  2043 | D:3      | Killed Terence the river rat
  2531 | D:3      | Reached skill level 5 in Polearms
  2903 | D:3      | Found a faded altar of an unknown god.
  3470 | D:4      | Reached skill level 5 in Fighting
  3470 | D:4      | Reached XP level 6. HP: 53/56 MP: 6/6
  4309 | D:5      | Entered Level 5 of the Dungeon
  4356 | D:5      | HP: 3/84 [tengu/+3 dagger of venom (3)]
  4371 | D:5      | HP: 4/84 [poisoned by a tengu]
  4375 | D:5      | HP: 1/84 [poisoned by a tengu]
  4375 | D:5      | Slain by a tengu

Illustrated notes

Levels and vault maps discovered:
D:1:      elethiomel_arrival_quiet, layout_rooms, serial_shops, shop
D:2:      layout_loops_ring, uniq_natasha
D:3:      layout_loops_ring, ebering_ecumenical_altar_hall, uniq_terence
D:4:      layout_basic, nicolae_kite_square_tiling_tiny
D:5:      layout_basic

Skill      XL: |  1  2  3  4  5 |
---------------+----------------+-----
Fighting       | 4 5 |  5.1
Polearms       | 4 5 |  5.6
Armour         | 1 2 |  2.7
Dodging        | |  2.6
Stealth        | |  1.9

Action                   |  1- 3 |  4- 6 || total
-------------------------+-------+-------++-------
Melee: Spear             |   123 |   305 ||   428
       Unarmed           |     5 |       ||     5
       Punch             |     1 |     4 ||     5
Evoke: Wand              |       |     2 ||     2
  Use: Potion            |     1 |     7 ||     8
       Scroll            |       |    10 ||    10
 Stab: Sleeping          |     4 |     7 ||    11
Armor: Robe              |     6 |       ||     6
       Leather armour    |    13 |    70 ||    83
       Skin              |    29 |    43 ||    72
Dodge: Dodged            |    71 |   100 ||   171
